 Dungeon Crawl Stone Soup version 0.27-a0-901-g8736458e1e (webtiles) character file.

Game seed: 14641417099776826624

78 Chiseanne the Magician (level 4, 0/30 HPs)
             Began as a Demonspawn Hedge Wizard on Apr 6, 2021.
             Was an Initiate of Vehumet.
             Splashed by a jelly's acid (6 damage)
             ... on level 4 of the Dungeon.
             The game lasted 00:04:51 (2955 turns).

Chiseanne the Magician (Demonspawn Hedge Wizard)    Turns: 2955, Time: 00:04:52

Health: 0/30       AC:  0    Str: 10    XL:     4   Next: 15%
Magic:  0/10       EV: 12    Int: 17    God:    Vehumet [......]
Gold:   144        SH:  0    Dex: 12    Spells: 5/11 levels left

rFire    . . .     SeeInvis .   d - +4 short sword
rCold    . . .     Faith    .   (no shield)
rNeg     . . .     Spirit   .   b - +0 robe
rPois    .         Reflect  .   c - +0 hat
rElec    .         Harm     .   (no cloak)
rCorr    .         Rampage  .   (no gloves)
Will     .....                  (no boots)
Stlth    ++........             (no amulet)
HPRegen  0.10/turn              (no ring)
MPRegen  0.12/turn              (no ring)

@: corroded
A: molten scales 1, powered by death 1, talons 1, MP-powered wands, sturdy frame
1
a: Renounce Religion


You were on level 4 of the Dungeon.
You worshipped Vehumet.
Vehumet was noncommittal.
You visited 1 branch of the dungeon, and saw 4 of its levels.

You collected 144 gold pieces.

Inventory:

Hand Weapons
 a - a +0 short sword of draining
 d - a +4 short sword (weapon)
 s - a +0 war axe
Missiles
 i - 15 sling bullets
 j - 13 arrows
 k - 23 stones
 l - 15 poisoned darts
Armour
 b - a +0 robe (worn)
 c - a +0 hat (worn)
Scrolls
 e - a scroll of enchant weapon {unknown}
 h - a scroll of teleportation {unknown}
Potions
 f - 2 potions of curing
 g - a potion of attraction
 m - a potion of invisibility {unknown}


   Skills:
 - Level 1.7 Dodging
 - Level 1.7 Stealth
 - Level 4.0 Spellcasting
 - Level 2.9 Conjurations
 - Level 1.0 Summonings
 - Level 0.8 Translocations
 * Level 0.0 Air Magic
 * Level 0.0 Poison Magic


You had 5 spell levels left.
You knew the following spells:

 Your Spells              Type           Power      Damage    Failure   Level
a - Magic Dart            Conj           52%        1d5       4%          1
b - Blink                 Tloc           N/A        N/A       17%         2
d - Mephitic Cloud        Conj/Pois/Air  6%         N/A       32%         3

Your spell library contained the following spells:

 Spells                   Type           Power      Damage    Failure   Level
 Call Imp                 Summ           6%         N/A       16%         2
 Slow                     Hex            3%         N/A       24%         2
 Conjure Flame            Conj/Fire      8%         6-21      26%         3
 Gell's Gravitas          Tloc           3%         N/A       32%         3
 Confusing Touch          Hex            3%         N/A       43%         3
 Petrify                  Tmut/Erth      3%         N/A       83%         4
 Metabolic Englaciation   Hex/Ice        1%         N/A       99%         5
 Yara's Violent Unravell  Hex/Tmut       1%         3d3       99%         5


Dungeon Overview and Level Annotations

Branches:
Dungeon (4/15)
 Temple: D:4-7

Altars:
Vehumet

Annotations:
D:3 Robin


Innate Abilities, Weirdness & Mutations

You are partially covered in molten scales. (AC +2)
You regenerate a little health from kills.
You have sharp toenails.
You expend magic power (3 MP) to strengthen your wands.
Your movements are slightly less encumbered by armour. (ER -2)


Message History

Confirm with . or Enter, or press ? or * to list all spells.
Aiming: Magic Dart (safe; 4% risk of failure)
Press: ? - help, Shift-Dir - straight line, f/p - water moccasin zombie
Aim: a water moccasin zombie (severely damaged, 0% to evade)
The magic dart hits the water moccasin zombie.
The water moccasin zombie is severely damaged.
The jelly quivers.
The water moccasin zombie misses you.
The water moccasin zombie closely misses you.
You barely miss the water moccasin zombie.
The water moccasin zombie is severely damaged.
The water moccasin zombie bites you but does no damage.
You barely miss the water moccasin zombie.
Your kick misses the water moccasin zombie.
The water moccasin zombie is severely damaged.
The water moccasin zombie closely misses you.
You barely miss the water moccasin zombie.
The water moccasin zombie is severely damaged.
The water moccasin zombie bites you.
You hit the jelly.
Your hands burn!
The jelly is lightly wounded.
You hit the jelly.
Your hands burn!
You claw the jelly.
The jelly is heavily wounded.
The jelly hits you but does no damage.
Your magical contamination has completely faded away.
You hit the jelly. The acid corrodes you!
Your hands burn!
The jelly is severely wounded.
The jelly hits you.
You are splashed with acid!
* * * LOW HITPOINT WARNING * * *
Casting: Magic Dart (safe; 4% risk of failure)
Confirm with . or Enter, or press ? or * to list all spells.
Aiming: Magic Dart (safe; 4% risk of failure)
Press: ? - help, Shift-Dir - straight line, f/p - water moccasin zombie
Aim: a water moccasin zombie (severely damaged, 0% to evade)
The magic dart hits the jelly.
The jelly is almost dead.
The jelly hits you.
* * * LOW HITPOINT WARNING * * *
You are splashed with acid.
You die...

######### #...@JZ.# ######
#####.#####.# ##....#
#.........#.##.# ......#
#.###.###.#....# .....##
#.###.## #.....#
.8....###.##...##.#.#...J..
...#.##......_......#......
...#..#.#.##...##.#........
........#.###.## #.. .....


You could see a jelly and a water moccasin zombie.

Vanquished Creatures
  2 adders
  2 worms (D:2)
  A dart slug (D:2)
  3 orcs (D:4)
  3 endoplasms
  2 goblins
  4 hobgoblins
  6 jackals
  3 quokkas
  7 ball pythons
  3 bats (D:2)
  3 frilled lizards
  2 kobolds (D:2)
  5 rats
46 creatures vanquished.

Notes
Turn   | Place    | Note
-------+----------+-------------------------------------------
     0 | D:1      | Chiseanne the Demonspawn Hedge Wizard began the quest for
                  | the Orb.
     0 | D:1      | Reached XP level 1. HP: 13/13 MP: 4/4
   299 | D:1      | Gained mutation: You regenerate a little health from kills.
                  | [demonic ancestry]
   299 | D:1      | Reached XP level 2. HP: 14/19 MP: 3/6
  1167 | D:1      | Found a faded altar of an unknown god.
  1562 | D:2      | Learned a level 2 spell: Blink
  1877 | D:2      | Gained mutation: You are partially covered in molten
                  | scales. (AC +2) [demonic ancestry]
  1877 | D:2      | Reached XP level 3. HP: 19/24 MP: 1/8
  2651 | D:2      | You fall into a shaft and drop 2 floors!
  2666 | D:3      | Noticed Robin
  2679 | D:3      | Noticed an ice beast
  2709 | D:4      | Gained mutation: Your movements are slightly less
                  | encumbered by armour. (ER -2) [potion of mutation]
  2709 | D:4      | Gained mutation: You expend magic power (3 MP) to
                  | strengthen your wands. [potion of mutation]
  2709 | D:4      | Gained mutation: You have sharp toenails. [potion of
                  | mutation]
  2716 | D:4      | Reached XP level 4. HP: 28/30 MP: 0/9
  2818 | D:4      | Reached skill level 4 in Spellcasting
  2882 | D:4      | Learned a level 3 spell: Mephitic Cloud
  2912 | D:4      | Found a radiant altar of Vehumet.
  2919 | D:4      | Became a worshipper of Vehumet
  2955 | D:4      | Splashed by a jelly's acid

Illustrated notes

Levels and vault maps discovered:
D:1:      dpeg_arrival_short_road, layout_rooms,
          shapermc_ecumenical_altar_flowoftime, corexii_item_surrounded_by_moat
D:2:      layout_loops_ring, uniq_crazy_yiuf_cottage
D:3:      minmay_diamond_boxcup, layout_rooms, uniq_robin
D:4:      layout_cave_pools, nicolae_overflow_crystal_walls,
          minmay_temple_entry_purple_smoke, ebering_ghost_reflecting_pool,
          serial_column_ruins, column_ruins_columns_straight,
          column_ruins_open_tiny, column_ruins_grid_1, column_ruins_grid_1

Skill      XL: |  1  2  3  4 |
---------------+-------------+-----
Conjurations   | 2 |  2.9
Spellcasting   | 4 |  4.0
Dodging        | |  1.7
Stealth        | |  1.7
Summonings     | |  1.0
Translocations | |  0.8

Action                   |  1- 3 |  4- 6 || total
-------------------------+-------+-------++-------
Melee: Dagger            |    25 |       ||    25
       War axe           |    13 |       ||    13
       Short sword       |     6 |     6 ||    12
       Kick              |       |     1 ||     1
 Cast: Magic Dart        |   110 |    17 ||   127
  Use: Scroll            |     4 |     1 ||     5
       Potion            |     3 |       ||     3
Armor: Robe              |    32 |     5 ||    37
Dodge: Dodged            |    84 |     9 ||    93

Table legend: (Time is in decaauts)
 A = Elapsed time spent in this place.
 B = Non-inter-level travel time spent in this place.
 C = Inter-level travel time spent in this place.
 D = Time resting spent in this place.
 E = Time spent auto-exploring this place.
 F = Levels seen in this place.
 G = Mean time per level.
                   A        B        C        D        E       F      G
               +--------+--------+--------+--------+--------+-----+--------+
         Total |   2961 |   2930 |     31 |   1580 |    948 |   4 |  740.2 |
       Dungeon |   2961 |   2930 |     31 |   1580 |    948 |   4 |  740.2 |
               +--------+--------+--------+--------+--------+-----+--------+

Top non-repeatable levels by time:
     D:1: 1488 daAuts
     D:2: 1168 daAuts
     D:4: 260 daAuts
     D:3: 43 daAuts
